3AAA
SALT LAKE CITY BUZZ @ BRINKLEY BELUGAS
09/12/2025
 
TOP OF THE 1ST
Salt Lake City Buzz batting - Pitching for Brinkley Belugas : LHP Myles Wilkerson
Pitching: LHP Myles Wilkerson
Batting: LHB Randy Schlosser 0-0: Ball
1-0: Swinging Strike
1-1: Ball
2-1: Ball
3-1: Swinging Strike
3-2: Strikes out swinging
Batting: SHB Raymond Bright 0-0: Fly out, F9 (Flyball, 9LS)
Batting: SHB Wayne Saunders 0-0: Ground out 5-3 (Groundball, 56)
Top of the 1st over - 0 run(s), 0 hit(s), 0 error(s), 0 left on base; Salt Lake City 0 - Brinkley 0
BOTTOM OF THE 1ST
Brinkley Belugas batting - Pitching for Salt Lake City Buzz : RHP Jesús Acosta
Pitching: RHP Jesús Acosta
Batting: RHB Steve Jones 0-0: Foul Ball, location: 2F
0-1: Ball
1-1: Swinging Strike
1-2: Ball
2-2: Strikes out swinging
Batting: RHB Jay Kidd 0-0: DOUBLE (Line Drive, 7LM)
Batting: LHB Eric Porter 0-0: Foul Ball, location: 2F
0-1: Called Strike
0-2: Fly out, F8 (Flyball, 8RM)
Batting: RHB Brandon Cole 0-0: Swinging Strike
0-1: Ball
1-1: Foul Ball, location: 2F
1-2: Strikes out swinging
Bottom of the 1st over - 0 run(s), 1 hit(s), 0 error(s), 1 left on base; Salt Lake City 0 - Brinkley 0
TOP OF THE 2ND
Salt Lake City Buzz batting - Pitching for Brinkley Belugas : LHP Myles Wilkerson
Batting: SHB Felipe Cisneros 0-0: Called Strike
0-1: Foul Ball, location: 2F
0-2: Foul Ball, location: 2F
0-2: Ball
1-2: Strikes out swinging
Batting: RHB Gustavo Berrios 0-0: Foul Ball, location: 2F
0-1: Ball
1-1: Ball
2-1: Ball
3-1: Base on Balls
Batting: RHB Justin MacPherson 0-0: Called Strike
Gustavo Berrios steals 2nd base
0-1: Called Strike
0-2: Ball
1-2: Fly out, F7 (Flyball, 7)
Batting: RHB Roger Lakes 0-0: Ball
1-0: Fly out, F5 (Popup, 5S)
Top of the 2nd over - 0 run(s), 0 hit(s), 0 error(s), 1 left on base; Salt Lake City 0 - Brinkley 0
BOTTOM OF THE 2ND
Brinkley Belugas batting - Pitching for Salt Lake City Buzz : RHP Jesús Acosta
Batting: LHB Mario Nieves 0-0: Ball
1-0: Called Strike
1-1: Fly out, F4 (Popup, 4S)
Batting: RHB Reggie Kahn 0-0: DOUBLE (Line Drive, 7LM)
Batting: LHB Jesús Reyes 0-0: Ball
1-0: TRIPLE (Line Drive, 78M)
Reggie Kahn scores
Batting: RHB Arnold Giroux 0-0: Called Strike
0-1: Foul Ball, location: 2F
0-2: Ball
1-2: Strikes out swinging
Batting: SHB Noel King 0-0: Ball
1-0: Called Strike
1-1: Called Strike
1-2: Ball
2-2: Strikes out swinging
Bottom of the 2nd over - 1 run(s), 2 hit(s), 0 error(s), 1 left on base; Salt Lake City 0 - Brinkley 1
TOP OF THE 3RD
Salt Lake City Buzz batting - Pitching for Brinkley Belugas : LHP Myles Wilkerson
Batting: RHB Andrew Hall 0-0: Called Strike
0-1: Foul Ball, location: 2F
0-2: Strikes out swinging
Batting: RHB Carlos López 0-0: Ball
1-0: Foul Ball, location: 2F
1-1: Fly out, F7 (Flyball, 7)
Batting: LHB Randy Schlosser 0-0: Called Strike
0-1: Foul Ball, location: 2F
0-2: Strikes out swinging
Top of the 3rd over - 0 run(s), 0 hit(s), 0 error(s), 0 left on base; Salt Lake City 0 - Brinkley 1
BOTTOM OF THE 3RD
Brinkley Belugas batting - Pitching for Salt Lake City Buzz : RHP Jesús Acosta
Batting: RHB Steve Jones 0-0: Ball
1-0: Ball
2-0: Ball
3-0: Called Strike
3-1: Foul Ball, location: 2F
3-2: Base on Balls
Batting: RHB Jay Kidd 0-0: Swinging Strike
0-1: Ball
1-1: SINGLE (Line Drive, 34D)
Steve Jones to second
Batting: LHB Eric Porter 0-0: Ball
1-0: Foul Ball, location: 2F
1-1: Ball
Wild Pitch!
Steve Jones to third
Jay Kidd to second
2-1: Ball
3-1: Foul Ball, location: 2F
3-2: Ground out 4-3 (Groundball, 4)
Steve Jones scores
Jay Kidd to third
Batting: RHB Brandon Cole 0-0: Foul Ball, location: 2F
0-1: Ball
1-1: SINGLE (Groundball, 56D)
Jay Kidd scores
Batting: LHB Mario Nieves 0-0: Grounds into double play, 6-4-3 (Groundball, 6M)
Bottom of the 3rd over - 2 run(s), 2 hit(s), 0 error(s), 0 left on base; Salt Lake City 0 - Brinkley 3
TOP OF THE 4TH
Salt Lake City Buzz batting - Pitching for Brinkley Belugas : LHP Myles Wilkerson
Batting: SHB Raymond Bright 0-0: Foul Ball, location: 2F
0-1: Foul Ball, location: 2F
0-2: Ball
1-2: Ground out 5-3 (Groundball, 5S)
Batting: SHB Wayne Saunders 0-0: Ball
1-0: Foul Ball, location: 2F
1-1: Swinging Strike
1-2: Strikes out swinging
Batting: SHB Felipe Cisneros 0-0: Foul Ball, location: 2F
0-1: Foul Ball, location: 2F
0-2: Ball
1-2: Foul Ball, location: 2F
1-2: Foul Ball, location: 2F
1-2: Strikes out looking
Top of the 4th over - 0 run(s), 0 hit(s), 0 error(s), 0 left on base; Salt Lake City 0 - Brinkley 3
BOTTOM OF THE 4TH
Brinkley Belugas batting - Pitching for Salt Lake City Buzz : RHP Jesús Acosta
Batting: RHB Reggie Kahn 0-0: Called Strike
0-1: Ball
1-1: Swinging Strike
1-2: SINGLE (Groundball, 56S) (infield hit)
Batting: LHB Jesús Reyes 0-0: Ball
1-0: Ground out 6-3 (Groundball, 6MS)
Reggie Kahn to second
Batting: RHB Arnold Giroux 0-0: Ball
1-0: Called Strike
1-1: Ground out 6-3 (Groundball, 56)
Batting: SHB Noel King 0-0: Swinging Strike
0-1: Foul Ball, location: 2F
0-2: Strikes out swinging
Bottom of the 4th over - 0 run(s), 1 hit(s), 0 error(s), 1 left on base; Salt Lake City 0 - Brinkley 3
TOP OF THE 5TH
Salt Lake City Buzz batting - Pitching for Brinkley Belugas : LHP Myles Wilkerson
Batting: RHB Gustavo Berrios 0-0: Foul Ball, location: 2F
0-1: Foul Ball, location: 2F
0-2: Ball
1-2: Foul Ball, location: 2F
1-2: Fly out, F9 (Flyball, 9D)
Batting: RHB Justin MacPherson 0-0: Ball
1-0: Called Strike
1-1: Fly out, F8 (Line Drive, 78M)
Batting: RHB Roger Lakes 0-0: Ball
1-0: Ball
2-0: DOUBLE (Flyball, 89D)
Batting: RHB Andrew Hall 0-0: Foul Ball, location: 2F
0-1: Swinging Strike
0-2: Ball
1-2: Ground out 4-3 (Groundball, 4M)
Top of the 5th over - 0 run(s), 1 hit(s), 0 error(s), 1 left on base; Salt Lake City 0 - Brinkley 3
BOTTOM OF THE 5TH
Brinkley Belugas batting - Pitching for Salt Lake City Buzz : RHP Jesús Acosta
Batting: RHB Steve Jones 0-0: Ball
1-0: Ball
2-0: Ball
3-0: Called Strike
3-1: Called Strike
3-2: Foul Ball, location: 2F
3-2: Strikes out swinging
Batting: RHB Jay Kidd 0-0: Called Strike
0-1: DOUBLE (Line Drive, 7LD)
Batting: LHB Eric Porter 0-0: Ball
1-0: Ball
2-0: Ball
3-0: Called Strike
3-1: Called Strike
3-2: Base on Balls
Batting: RHB Brandon Cole 0-0: Foul Ball, location: 2F
0-1: Called Strike
0-2: Ball
1-2: Ball
2-2: Grounds into double play, 5-4-3 (Groundball, 56)
Bottom of the 5th over - 0 run(s), 1 hit(s), 0 error(s), 1 left on base; Salt Lake City 0 - Brinkley 3
TOP OF THE 6TH
Salt Lake City Buzz batting - Pitching for Brinkley Belugas : LHP Myles Wilkerson
Batting: RHB Carlos López 0-0: Ball
1-0: Ball
2-0: Called Strike
2-1: Ball
3-1: Base on Balls
Batting: LHB Randy Schlosser 0-0: Called Strike
0-1: Ball
1-1: Bunt missed!
1-2: Ground out 4-3 (Groundball, 34)
Carlos López to second
Batting: SHB Raymond Bright 0-0: Ball
1-0: DOUBLE (Line Drive, 7D)
Carlos López scores
Batting: SHB Wayne Saunders 0-0: Ball
Raymond Bright steals 3rd base
1-0: Fly out, F9 (Flyball, 89M)
Runner from 3rd tags up, OUT at HOME
Top of the 6th over - 1 run(s), 1 hit(s), 0 error(s), 0 left on base; Salt Lake City 1 - Brinkley 3
BOTTOM OF THE 6TH
Brinkley Belugas batting - Pitching for Salt Lake City Buzz : RHP Jesús Acosta
Batting: LHB Mario Nieves 0-0: Ball
1-0: Foul Ball, location: 2F
1-1: DOUBLE (Line Drive, 9LM)
Pitching: LHP Marc Burns
Batting: RHB Reggie Kahn 0-0: Intentional Walk
Batting: LHB Jesús Reyes 0-0: Called Strike
0-1: Sac Bunt - play at first, batter OUT! 1-3
Mario Nieves to third
Reggie Kahn to second
Batting: RHB Arnold Giroux 0-0: Intentional Walk
Batting: SHB Noel King 0-0: Called Strike
0-1: Ball
1-1: Foul Ball, location: 2F
1-2: Strikes out swinging
Batting: RHB Steve Jones 0-0: Called Strike
0-1: Ball
1-1: Ball
Wild Pitch!
Mario Nieves scores
Reggie Kahn to third
Arnold Giroux to second
2-1: Fly out, F9 (Flyball, 9S)
Bottom of the 6th over - 1 run(s), 1 hit(s), 0 error(s), 2 left on base; Salt Lake City 1 - Brinkley 4
TOP OF THE 7TH
Salt Lake City Buzz batting - Pitching for Brinkley Belugas : LHP Myles Wilkerson
Batting: SHB Felipe Cisneros 0-0: Fly out, F8 (Flyball, 89D)
Batting: RHB Gustavo Berrios 0-0: Ground out 6-3 (Groundball, 6)
Batting: RHB Justin MacPherson 0-0: Ball
1-0: Ball
2-0: Ground out 1-3 (Groundball, P)
Top of the 7th over - 0 run(s), 0 hit(s), 0 error(s), 0 left on base; Salt Lake City 1 - Brinkley 4
BOTTOM OF THE 7TH
Brinkley Belugas batting - Pitching for Salt Lake City Buzz : LHP Marc Burns
Batting: RHB Jay Kidd 0-0: Fly out, F7 (Line Drive, 7)
Batting: LHB Eric Porter 0-0: Ball
1-0: Ball
2-0: Swinging Strike
2-1: SINGLE (Groundball, 4D)
Batting: RHB Brandon Cole 0-0: Ball
1-0: 2-RUN HOME RUN (Flyball, 8LXD), Distance : 443 ft
Batting: LHB Mario Nieves 0-0: Ground out 4-3 (Groundball, 4)
Batting: RHB Reggie Kahn 0-0: Ground out 1-3 (Groundball, 13S)
Bottom of the 7th over - 2 run(s), 2 hit(s), 0 error(s), 0 left on base; Salt Lake City 1 - Brinkley 6
TOP OF THE 8TH
Salt Lake City Buzz batting - Pitching for Brinkley Belugas : LHP Myles Wilkerson
Batting: RHB Roger Lakes 0-0: Ball
1-0: Fly out, F8 (Flyball, 8RD)
Batting: RHB Andrew Hall 0-0: Ball
1-0: Fly out, F8 (Flyball, 8RM)
Batting: RHB Carlos López 0-0: Ground out 6-3 (Groundball, 6)
Top of the 8th over - 0 run(s), 0 hit(s), 0 error(s), 0 left on base; Salt Lake City 1 - Brinkley 6
BOTTOM OF THE 8TH
Brinkley Belugas batting - Pitching for Salt Lake City Buzz : LHP Marc Burns
Batting: LHB Jesús Reyes 0-0: Swinging Strike
0-1: Ground out 4-3 (Groundball, 4)
Batting: RHB Arnold Giroux 0-0: Called Strike
0-1: Ball
1-1: Ball
2-1: Ground out 6-3 (Groundball, 56)
Batting: SHB Noel King 0-0: Ball
1-0: DOUBLE (Line Drive, 7LM)
Batting: RHB Steve Jones 0-0: Ball
1-0: Ball
2-0: Ball
3-0: Swinging Strike
3-1: Foul Ball, location: 2F
3-2: Strikes out looking
Bottom of the 8th over - 0 run(s), 1 hit(s), 0 error(s), 1 left on base; Salt Lake City 1 - Brinkley 6
TOP OF THE 9TH
Salt Lake City Buzz batting - Pitching for Brinkley Belugas : LHP Myles Wilkerson
Pitching: LHP Ramón García
Batting: LHB Randy Schlosser 0-0: Ball
1-0: Foul Ball, location: 2F
1-1: Called Strike
1-2: Foul Ball, location: 2F
1-2: Foul Ball, location: 2F
1-2: Reached on error, E4 (Groundball, 4)
Batting: SHB Raymond Bright 0-0: Called Strike
0-1: Foul Ball, location: 2F
0-2: Foul Ball, location: 2F
0-2: Ball
1-2: Ball
2-2: Fly out, F8 (Flyball, 8RS)
Batting: SHB Wayne Saunders 0-0: Ball
1-0: Foul Ball, location: 2F
1-1: Called Strike
1-2: Ball
2-2: Ball
3-2: Ground out 5-3 (Groundball, 56S)
Randy Schlosser to second
Batting: SHB Felipe Cisneros 0-0: Ball
1-0: Ball
2-0: Ground out 5-3 (Groundball, 56)
Top of the 9th over - 0 run(s), 0 hit(s), 1 error(s), 1 left on base; Salt Lake City 1 - Brinkley 6
Friday, December 30th, 2016 - OOTP Baseball 17.12 Build 75